Reign vs Thunderbirds
Created - April 28, 2022 at 19:03
Goals
|
| Reign |
1 |
0 |
1 |
2 |
| Thunderbirds |
0 |
1 |
3 |
4 |
|
Shots
|
| Reign |
19 |
7 |
7 |
33 |
| Thunderbirds |
10 |
7 |
15 |
32 |
|
1st period
1. Reign , Rourke Chartier 25 (Matthew Tkachuk 22) at 14:29
Penalties :
Viktor Baldayev (Spr) for Hooking (Minor) at 1:24
2nd period
2. Thunderbirds , Quinton Howden 37 (Jerry D'Amigo 27, Kirill Kaprizov 32) at 5:38 (PP)
Penalties :
Jakob Chychrun (Ont) for Cross-checking (Minor) at 5:26
3rd period
3. Thunderbirds , Kirill Kaprizov 21 (Quinton Howden 52) at 2:26 (PP)
4. Thunderbirds , Tom Kuhnhackl 18 (Valentin Zykov 42, Elias Lindholm 31) at 14:24 (PP)
5. Reign , Josh Anderson 15 (Pierre-Luc Dubois 3) at 18:04
6. Thunderbirds , Quinton Howden 38 (Kirill Kaprizov 33) at 19:30 (Empty Net)
Penalties :
Jakob Chychrun (Ont) for Cross-checking (Minor) at 2:19, Logan Stanley (Ont) for Interference (Minor) at 6:29, Dylan Blujus (Ont) for Hooking (Minor) at 13:24, Jakob Chychrun (Ont) for Interference (Minor) at 14:38, Joel Eriksson Ek (Ont) for Cross-checking (Minor) at 19:50
Goalie Stats
Ilya Samsonov (Ont), 28 saves from 31 shots - (0.903), L, 22-15-1, 59:27 minutes
Carter Hutton (Spr), 31 saves from 33 shots - (0.939), W, 23-10-4, 60:00 minutes
Players Stats for Reign
Player Name G A P +/- PIM S H SB GA TA FO MP PP MP PK MP
------------------------------------------------------------------------------------
Adam Ollas-Mattsson 0 0 0 0 0 0 0 0 0 0 0/0 8:57 0:00 1:53
Brendan Gaunce 0 0 0 -1 0 4 1 0 0 0 8/19 15:45 0:55 0:00
Darroll Powe 0 0 0 0 0 0 0 0 0 0 0/0 1:02 0:00 1:02
Dominik Simon 0 0 0 0 0 0 0 0 0 0 0/0 11:04 0:55 0:00
Dylan Blujus 0 0 0 1 2 0 2 1 0 0 0/0 17:50 0:00 2:51
Jack Dougherty 0 0 0 0 0 1 0 0 0 0 0/0 8:05 0:40 0:00
Jakob Chychrun 0 0 0 0 6 3 0 0 1 1 0/0 15:58 1:19 0:00
Joachim Blichfeld 0 0 0 0 0 2 0 0 1 1 1/1 12:33 0:55 1:08
Joel Eriksson Ek 0 0 0 0 2 0 0 0 0 1 6/13 14:38 0:00 3:16
Jordan Schmaltz 0 0 0 0 0 1 1 4 0 0 0/0 19:35 0:00 3:26
Josh Anderson 1 0 1 1 0 1 0 0 0 2 0/1 11:06 0:00 0:00
Logan Stanley 0 0 0 1 2 0 2 0 0 1 0/0 14:44 0:00 0:00
Matthew Tkachuk 0 1 1 1 0 4 0 0 0 0 0/1 15:59 1:04 0:00
Nikita Tryamkin 0 0 0 0 0 0 2 1 1 0 0/0 18:38 0:40 1:53
Phillip Danault 0 0 0 1 0 2 0 0 1 0 0/1 16:40 0:00 1:47
Pierre-Luc Dubois 0 1 1 0 0 1 1 1 0 0 0/0 11:43 0:00 0:00
Rourke Chartier 1 0 1 1 0 6 3 0 1 0 7/14 15:59 1:04 0:00
Thomas Chabot 0 0 0 0 0 0 1 2 0 1 0/0 16:37 1:19 0:49
Timo Meier 0 0 0 -1 0 4 2 2 0 1 0/1 17:35 1:04 0:12
Trevor Moore 0 0 0 1 0 1 2 0 1 0 1/4 11:06 0:00 0:00
Tyler Pitlick 0 0 0 0 0 3 2 0 0 0 2/2 18:54 0:00 3:27
Players Stats for Thunderbirds
Player Name G A P +/- PIM S H SB GA TA FO MP PP MP PK MP
------------------------------------------------------------------------------------
Clayton Keller 0 0 0 0 0 1 0 0 0 0 0/0 9:03 0:00 0:00
Elias Lindholm 0 1 1 0 0 1 2 0 0 0 8/11 16:48 2:06 0:07
Griffin Reinhart 0 0 0 -1 0 2 1 1 0 0 0/0 25:09 3:28 0:37
Hudson Fasching 0 0 0 0 0 2 3 0 0 1 0/2 12:11 0:00 0:39
Jake Walman 0 0 0 -1 0 2 1 3 0 0 0/0 15:07 0:00 0:00
Jerry D'Amigo 0 1 1 -2 0 1 4 0 1 1 2/3 20:02 3:20 0:00
John Draeger 0 0 0 1 0 0 0 1 0 1 0/0 19:44 1:58 1:22
Kirill Kaprizov 1 2 3 -1 0 2 0 0 1 0 2/2 20:49 3:20 0:07
Matt Puempel 0 0 0 0 0 0 0 0 0 1 0/0 11:32 0:00 0:00
Michal Jordan 0 0 0 0 0 0 1 1 3 0 0/0 18:52 1:58 0:37
Mitchell Heard 0 0 0 0 0 2 1 0 1 0 2/4 12:11 0:00 0:39
Niklas Hansson 0 0 0 0 0 2 3 1 0 0 0/0 26:01 3:28 1:22
Quinton Howden 2 1 3 -1 0 9 2 0 1 0 16/31 21:49 3:20 1:13
Roberts Lipsbergs 0 0 0 0 0 0 0 0 0 0 0/0 9:03 0:00 0:00
Tanner Laczynski 0 0 0 0 0 0 0 1 0 0 1/2 9:03 0:00 0:00
Tom Kuhnhackl 1 0 1 1 0 5 0 0 0 1 1/1 18:37 2:06 1:13
Valentin Zykov 0 1 1 0 0 0 1 0 1 0 0/1 16:50 2:06 0:00
Viktor Baldayev 0 0 0 -1 2 3 0 0 0 1 0/0 15:09 0:00 0:00
3 Stars
1 - Quinton Howden (Spr)
2 - Kirill Kaprizov (Spr)
3 - Carter Hutton (Spr)
Power Play
Reign - 0 on 1 Attempt(s) - 0.00%
Thunderbirds - 3 on 6 Attempt(s) - 50.00%
Penalty Kill
Reign - 3 on 6 Attempt(s) - 50.00%
- Score 0 goal in Penalty Kill
Thunderbirds - 1 on 1 Attempt(s) - 100.00%
- Score 0 goal in Penalty Kill
Team Stat
Reign - Hits : 19 - Faceoff Wins : 25 - Blocked Shots : 11 - Penalty Minutes : 12
Thunderbirds - Hits : 19 - Faceoff Wins : 32 - Blocked Shots : 8 - Penalty Minutes : 2
Official
Referees : Kevin Pollock and Corey Syvret
Linesman : Kory Nagy and Devin Berg
Game Notes
Quinton Howden has scored in a empty net!
Finance
Level 1 -- Attendance: 2000 (100.00%) -- Ticket Income $70,000
Level 2 -- Attendance: 1000 (100.00%) -- Ticket Income $15,000
Total Attendance: 3000 (100.00%)
Total Ticket Income: $85,000
Other Income: $4,250
Total Income: $89,250
Reign
5 vs 5 Forward
Center Left Wing Right Wing Time % Phy DF OF
1 Brendan Gaunce Timo Meier Tyler Pitlick 30 1 2 2
2 Rourke Chartier Phillip Danault Matthew Tkachuk 30 1 2 2
3 Joel Eriksson Ek Joachim Blichfeld Dominik Simon 20 1 2 2
4 Trevor Moore Pierre-Luc Dubois Josh Anderson 20 1 2 2
5 vs 5 Defense
Defense Defense Time % Phy DF OF
1 Jordan Schmaltz Nikita Tryamkin 30 1 2 2
2 Dylan Blujus Thomas Chabot 30 1 2 2
3 Logan Stanley Jakob Chychrun 30 1 2 2
4 Adam Ollas-Mattsson Jack Dougherty 10 1 2 2
PowerPlay Forward
Center Left Wing Right Wing Time % Phy DF OF
1 Rourke Chartier Timo Meier Matthew Tkachuk 55 1 2 2
2 Brendan Gaunce Joachim Blichfeld Dominik Simon 45 1 2 2
PowerPlay Defense
Defense Defense Time % Phy DF OF
1 Thomas Chabot Jakob Chychrun 65 1 2 2
2 Jack Dougherty Nikita Tryamkin 35 1 2 2
Penalty Kill 4 Players Forward
Center Wing Time % Phy DF OF
1 Joel Eriksson Ek Tyler Pitlick 60 1 2 2
2 Darroll Powe Phillip Danault 40 1 2 2
Penalty Kill 4 Players Defense
Defense Defense Time % Phy DF OF
1 Dylan Blujus Jordan Schmaltz 60 1 2 2
2 Nikita Tryamkin Adam Ollas-Mattsson 40 1 2 2
Penalty Kill - 3 Players Forward
Forward Time % Phy DF OF
1 Joel Eriksson Ek 60 1 2 2
2 Darroll Powe 40 1 2 2
Penalty Kill - 3 Players Defense
Defense Defense Time % Phy DF OF
1 Dylan Blujus Jordan Schmaltz 60 1 2 2
2 Nikita Tryamkin Adam Ollas-Mattsson 40 1 2 2
4 vs 4 Forward
Center Wing Time % Phy DF OF
1 Brendan Gaunce Timo Meier 60 1 2 2
2 Rourke Chartier Tyler Pitlick 40 1 2 2
4 vs 4 Defense
Defense Defense Time % Phy DF OF
1 Jordan Schmaltz Nikita Tryamkin 60 1 2 2
2 Dylan Blujus Thomas Chabot 40 1 2 2
Last Minutes Offensive
Center Left Wing Right Wing Defense Defense
Brendan Gaunce Timo Meier Tyler Pitlick Jakob Chychrun Thomas Chabot
Last Minutes Defensive
Center Left Wing Right Wing Defense Defense
Joel Eriksson Ek Phillip Danault Tyler Pitlick Dylan Blujus Jordan Schmaltz
Goaltenders
Starting : Ilya Samsonov
Backup : Jean-Francois Berube
Extra Forwards
Normal : Timo Meier, Pierre-Luc Dubois, Joachim Blichfeld - PP : Tyler Pitlick, Darroll Powe - PK : Joachim Blichfeld
Extra Defensemen
Normal : Dylan Blujus, Thomas Chabot, Jakob Chychrun - PP : Nikita Tryamkin - PK : Thomas Chabot, Adam Ollas-Mattsson
Penalty Shots
Rourke Chartier, Darroll Powe, Phillip Danault, Tyler Pitlick, Joachim Blichfeld
Scratches
Blake Lizotte (Healthy), Bokondji Imama (Healthy), C.J Suess (Healthy), Jacob Josefson (Healthy), Joel Vermin (Healthy)
Blake Hillman (Healthy), Michael Pezzetta (Healthy), Austin Czarnik (Healthy), Cal Petersen (Healthy), Jordan Binnington (Healthy)
Thunderbirds
5 vs 5 Forward
Center Left Wing Right Wing Time % Phy DF OF
1 Quinton Howden Kirill Kaprizov Jerry D'Amigo 40 0 2 3
2 Elias Lindholm Valentin Zykov Tom Kuhnhackl 30 0 2 3
3 Mitchell Heard Matt Puempel Hudson Fasching 20 1 2 2
4 Tanner Laczynski Roberts Lipsbergs Clayton Keller 10 0 2 3
5 vs 5 Defense
Defense Defense Time % Phy DF OF
1 Griffin Reinhart Niklas Hansson 40 0 2 3
2 Michal Jordan John Draeger 30 0 2 3
3 Viktor Baldayev Jake Walman 20 1 2 2
4 Griffin Reinhart Niklas Hansson 10 0 2 3
PowerPlay Forward
Center Left Wing Right Wing Time % Phy DF OF
1 Quinton Howden Kirill Kaprizov Jerry D'Amigo 60 0 1 4
2 Elias Lindholm Valentin Zykov Tom Kuhnhackl 40 0 1 4
PowerPlay Defense
Defense Defense Time % Phy DF OF
1 Griffin Reinhart Niklas Hansson 60 0 2 3
2 Michal Jordan John Draeger 40 0 2 3
Penalty Kill 4 Players Forward
Center Wing Time % Phy DF OF
1 Quinton Howden Tom Kuhnhackl 60 1 3 1
2 Mitchell Heard Hudson Fasching 40 1 3 1
Penalty Kill 4 Players Defense
Defense Defense Time % Phy DF OF
1 Niklas Hansson John Draeger 60 1 4 0
2 Griffin Reinhart Michal Jordan 40 1 4 0
Penalty Kill - 3 Players Forward
Forward Time % Phy DF OF
1 Quinton Howden 60 1 3 1
2 Mitchell Heard 40 1 3 1
Penalty Kill - 3 Players Defense
Defense Defense Time % Phy DF OF
1 Niklas Hansson John Draeger 60 1 4 0
2 Griffin Reinhart Michal Jordan 40 1 4 0
4 vs 4 Forward
Center Wing Time % Phy DF OF
1 Quinton Howden Kirill Kaprizov 60 0 2 3
2 Elias Lindholm Valentin Zykov 40 0 2 3
4 vs 4 Defense
Defense Defense Time % Phy DF OF
1 Griffin Reinhart Niklas Hansson 60 0 2 3
2 Michal Jordan John Draeger 40 0 2 3
Last Minutes Offensive
Center Left Wing Right Wing Defense Defense
Quinton Howden Kirill Kaprizov Tom Kuhnhackl Griffin Reinhart Niklas Hansson
Last Minutes Defensive
Center Left Wing Right Wing Defense Defense
Quinton Howden Kirill Kaprizov Tom Kuhnhackl Niklas Hansson John Draeger
Goaltenders
Starting : Carter Hutton
Backup : Igor Bobkov
Extra Forwards
Normal : Valentin Zykov, Kirill Kaprizov, Quinton Howden - PP : Hudson Fasching, Clayton Keller - PK : Elias Lindholm
Extra Defensemen
Normal : John Draeger, Niklas Hansson, Griffin Reinhart - PP : Viktor Baldayev - PK : Griffin Reinhart, Niklas Hansson
Penalty Shots
Tanner Laczynski, Tom Kuhnhackl, Quinton Howden, Elias Lindholm, Valentin Zykov
Scratches
Austin Poganski (Healthy), Connor Honey (Healthy), Dmytro Timashov (Healthy), Keaton Thompson (Healthy), Kyle Platzer (Healthy)
Lukas Vejdemo (Healthy), Michael McCarron (Healthy), Nelson Nogier (Healthy), Nicklas Jensen (Healthy), Calvin Thurkauf (Healthy)
Artur Kayumov (Healthy), Niklas Treutle (Healthy), Artyom Zagidulin (Healthy)
% Time on Ice - Reign
Lines # - Real PCT - Wanted PCT - Time Play
Normal Forward
1 - 30% - 30% - 15:50
2 - 29% - 30% - 14:53
3 - 20% - 20% - 10:09
4 - 21% - 20% - 11:06
Normal Defense
1 - 31% - 30% - 16:09
2 - 28% - 30% - 14:29
3 - 28% - 30% - 14:24
4 - 13% - 10% - 6:56
PP Forward
1 - 54% - 55% - 1:04
2 - 46% - 45% - 0:55
PP Defense
1 - 66% - 65% - 1:19
2 - 34% - 35% - 0:40
PK Forward
1 - 81% - 60% - 4:24
2 - 19% - 40% - 1:02
PK Defense
1 - 65% - 60% - 3:33
2 - 35% - 40% - 1:53
PK3 Forward
1 - 0% - 60%
2 - 0% - 40%
PK3 Defense
1 - 0% - 60%
2 - 0% - 40%
44 Forward
1 - 0% - 60%
2 - 0% - 40%
44 Defense
1 - 0% - 60%
2 - 0% - 40%
Last Minute Offensive - 0:37
Last Minute Defensive - 0:00
Total
Forward - 60:00
Defense - 60:00
|
% Time on Ice - Thunderbirds
Lines # - Real PCT - Wanted PCT - Time Play
Normal Forward
1 - 32% - 40% - 16:45
2 - 28% - 30% - 14:35
3 - 22% - 20% - 11:32
4 - 17% - 10% - 9:03
Normal Defense
1 - 36% - 40% - 18:52
2 - 31% - 30% - 16:17
3 - 28% - 20% - 14:37
4 - 4% - 10% - 2:09
PP Forward
1 - 61% - 60% - 3:20
2 - 39% - 40% - 2:06
PP Defense
1 - 64% - 60% - 3:28
2 - 36% - 40% - 1:58
PK Forward
1 - 67% - 60% - 1:20
2 - 33% - 40% - 0:39
PK Defense
1 - 69% - 60% - 1:22
2 - 31% - 40% - 0:37
PK3 Forward
1 - 0% - 60%
2 - 0% - 40%
PK3 Defense
1 - 0% - 60%
2 - 0% - 40%
44 Forward
1 - 0% - 60%
2 - 0% - 40%
44 Defense
1 - 0% - 60%
2 - 0% - 40%
Last Minute Offensive - 0:00
Last Minute Defensive - 0:40
Total
Forward - 60:00
Defense - 60:00
|
Play-by-Play
1st period
0:01 of 1st period - Brendan Gaunce wins face-off versus Quinton Howden in neutral zone.
0:12 of 1st period - Wrist shot by Quinton Howden.
0:12 of 1st period - Stopped by Ilya Samsonov with a rebound.
0:31 of 1st period - Wrist shot by Elias Lindholm.
0:31 of 1st period - Stopped by Ilya Samsonov with a rebound.
1:05 of 1st period - Viktor Baldayev is hit by Thomas Chabot and loses puck.
1:12 of 1st period - Snap shot by Trevor Moore.
1:12 of 1st period - Shot Misses the Net.
1:14 of 1st period - Wrist shot by Logan Stanley.
1:14 of 1st period - Shot Misses the Net.
1:16 of 1st period - Slapshot by Logan Stanley.
1:16 of 1st period - Shot Blocked by Jake Walman.
1:24 of 1st period - Minor Penalty to Viktor Baldayev for Hooking.
1:25 of 1st period - Quinton Howden wins face-off versus Matthew Tkachuk in Thunderbirds zone.
1:36 of 1st period - Backhand shot by Timo Meier.
1:36 of 1st period - Stopped by Carter Hutton with a rebound.
1:38 of 1st period - Wrist shot by Matthew Tkachuk.
1:38 of 1st period - Shot Misses the Net.
1:40 of 1st period - Wrist shot by Matthew Tkachuk.
1:40 of 1st period - Stopped by Carter Hutton without a rebound.
1:41 of 1st period - Tom Kuhnhackl wins face-off versus Brendan Gaunce in Thunderbirds zone.
3:24 of 1st period - Penalty to Viktor Baldayev is over, Viktor Baldayev is back on ice.
4:05 of 1st period - Snap shot by Hudson Fasching.
4:05 of 1st period - Shot Misses the Net.
5:17 of 1st period - Slapshot by Michal Jordan.
5:17 of 1st period - Shot Blocked by Dylan Blujus.
6:03 of 1st period - Wrist shot by Tom Kuhnhackl.
6:03 of 1st period - Shot Blocked by Jordan Schmaltz.
6:09 of 1st period - Niklas Hansson is hit by Rourke Chartier and loses puck.
6:45 of 1st period - Niklas Hansson is hit by Brendan Gaunce and loses puck.
6:56 of 1st period - Wrist shot by Quinton Howden.
6:56 of 1st period - Stopped by Ilya Samsonov without a rebound.
6:57 of 1st period - Quinton Howden wins face-off versus Trevor Moore in Reign zone.
7:01 of 1st period - Snap shot by Kirill Kaprizov.
7:01 of 1st period - Shot Misses the Net.
7:03 of 1st period - Slapshot by Quinton Howden.
7:03 of 1st period - Shot Misses the Net.
7:05 of 1st period - Slapshot by Jake Walman.
7:05 of 1st period - Stopped by Ilya Samsonov with a rebound.
7:07 of 1st period - Wrist shot by Jerry D'Amigo.
7:07 of 1st period - Shot Misses the Net.
7:35 of 1st period - Snap shot by Rourke Chartier.
7:35 of 1st period - Stopped by Carter Hutton with a rebound.
8:13 of 1st period - Wrist shot by Kirill Kaprizov.
8:13 of 1st period - Shot Misses the Net.
8:31 of 1st period - Wrist shot by Trevor Moore.
8:31 of 1st period - Shot Blocked by Tanner Laczynski.
9:28 of 1st period - Wrist shot by Joachim Blichfeld.
9:28 of 1st period - Shot Blocked by Niklas Hansson.
9:30 of 1st period - Backhand shot by Joachim Blichfeld.
9:30 of 1st period - Shot Misses the Net.
9:56 of 1st period - Slapshot by Clayton Keller.
9:56 of 1st period - Stopped by Ilya Samsonov without a rebound.
9:57 of 1st period - Trevor Moore wins face-off versus Tanner Laczynski in Reign zone.
10:31 of 1st period - Backhand shot by Rourke Chartier.
10:31 of 1st period - Stopped by Carter Hutton without a rebound.
10:32 of 1st period - Quinton Howden wins face-off versus Brendan Gaunce in Thunderbirds zone.
10:35 of 1st period - Snap shot by Tyler Pitlick.
10:35 of 1st period - Shot Misses the Net.
10:37 of 1st period - Wrist shot by Timo Meier.
10:37 of 1st period - Deflect By Tyler Pitlick.
10:37 of 1st period - Stopped by Carter Hutton with a rebound.
10:39 of 1st period - Slapshot by Brendan Gaunce.
10:39 of 1st period - Shot Misses the Net.
10:41 of 1st period - Slapshot by Jordan Schmaltz.
10:41 of 1st period - Stopped by Carter Hutton with a rebound.
10:43 of 1st period - Backhand shot by Tyler Pitlick.
10:43 of 1st period - Stopped by Carter Hutton without a rebound.
10:44 of 1st period - Tyler Pitlick wins face-off versus Quinton Howden in Thunderbirds zone.
11:58 of 1st period - Slapshot by Quinton Howden.
11:58 of 1st period - Shot Blocked by Thomas Chabot.
12:00 of 1st period - Slapshot by John Draeger.
12:00 of 1st period - Shot Misses the Net.
12:18 of 1st period - Slapshot by Brendan Gaunce.
12:18 of 1st period - Stopped by Carter Hutton with a rebound.
12:20 of 1st period - Snap shot by Timo Meier.
12:20 of 1st period - Stopped by Carter Hutton with a rebound.
12:30 of 1st period - Snap shot by Rourke Chartier.
12:30 of 1st period - Shot Misses the Net.
12:32 of 1st period - Wrist shot by Matthew Tkachuk.
12:32 of 1st period - Stopped by Carter Hutton without a rebound.
12:33 of 1st period - Rourke Chartier wins face-off versus Elias Lindholm in Thunderbirds zone.
13:01 of 1st period - Off-side.
13:02 of 1st period - Jerry D'Amigo wins face-off versus Brendan Gaunce in neutral zone.
13:15 of 1st period - Snap shot by Brendan Gaunce.
13:15 of 1st period - Stopped by Carter Hutton with a rebound.
13:17 of 1st period - Slapshot by Thomas Chabot.
13:17 of 1st period - Deflect By Brendan Gaunce.
13:17 of 1st period - Shot Blocked by Michal Jordan.
13:17 of 1st period - Puck is out of play.
13:18 of 1st period - Rourke Chartier wins face-off versus Elias Lindholm in Thunderbirds zone.
13:27 of 1st period - Wrist shot by Rourke Chartier.
13:27 of 1st period - Stopped by Carter Hutton with a rebound.
13:29 of 1st period - Wrist shot by Rourke Chartier.
13:29 of 1st period - Stopped by Carter Hutton with a rebound.
14:07 of 1st period - Wrist shot by Joachim Blichfeld.
14:07 of 1st period - Stopped by Carter Hutton without a rebound.
14:08 of 1st period - Elias Lindholm wins face-off versus Joel Eriksson Ek in Thunderbirds zone.
14:21 of 1st period - Snap shot by Joachim Blichfeld.
14:21 of 1st period - Shot Blocked by John Draeger.
14:23 of 1st period - Slapshot by Logan Stanley.
14:23 of 1st period - Deflect By Joachim Blichfeld.
14:23 of 1st period - Shot Misses the Net.
14:23 of 1st period - Puck is out of play.
14:24 of 1st period - Quinton Howden wins face-off versus Rourke Chartier in Thunderbirds zone.
14:29 of 1st period - Snap shot by Rourke Chartier.
14:29 of 1st period - Goal by Rourke Chartier - Reign : 1 - Thunderbirds : 0.
14:30 of 1st period - Quinton Howden wins face-off versus Rourke Chartier in neutral zone.
14:44 of 1st period - Off-side.
14:45 of 1st period - Brendan Gaunce wins face-off versus Elias Lindholm in neutral zone.
14:52 of 1st period - Slapshot by Brendan Gaunce.
14:52 of 1st period - Shot Blocked by Griffin Reinhart.
14:54 of 1st period - Slapshot by Jakob Chychrun.
14:54 of 1st period - Stopped by Carter Hutton with a rebound.
14:56 of 1st period - Slapshot by Jakob Chychrun.
14:56 of 1st period - Deflect By Timo Meier.
14:56 of 1st period - Stopped by Carter Hutton with a rebound.
15:57 of 1st period - Icing by Joachim Blichfeld.
15:58 of 1st period - Elias Lindholm wins face-off versus Trevor Moore in Reign zone.
15:59 of 1st period - Backhand shot by Tom Kuhnhackl.
15:59 of 1st period - Shot Misses the Net.
16:44 of 1st period - Elias Lindholm is hit by Trevor Moore and loses puck.
16:53 of 1st period - Wrist shot by Trevor Moore.
16:53 of 1st period - Stopped by Carter Hutton with a rebound.
16:55 of 1st period - Slapshot by Jack Dougherty.
16:55 of 1st period - Stopped by Carter Hutton with a rebound.
16:57 of 1st period - Snap shot by Pierre-Luc Dubois.
16:57 of 1st period - Deflect By Elias Lindholm.
16:57 of 1st period - Shot Misses the Net.
16:57 of 1st period - Puck is out of play.
16:58 of 1st period - Quinton Howden wins face-off versus Brendan Gaunce in Thunderbirds zone.
17:32 of 1st period - Snap shot by Quinton Howden.
17:32 of 1st period - Stopped by Ilya Samsonov with a rebound.
17:34 of 1st period - Snap shot by Quinton Howden.
17:34 of 1st period - Stopped by Ilya Samsonov without a rebound.
17:35 of 1st period - Rourke Chartier wins face-off versus Hudson Fasching in Reign zone.
18:00 of 1st period - Roberts Lipsbergs is hit by Nikita Tryamkin and loses puck.
18:07 of 1st period - Wrist shot by Tyler Pitlick.
18:07 of 1st period - Shot Misses the Net.
18:49 of 1st period - Wrist shot by Hudson Fasching.
18:49 of 1st period - Stopped by Ilya Samsonov with a rebound.
18:51 of 1st period - Slapshot by Viktor Baldayev.
18:51 of 1st period - Stopped by Ilya Samsonov with a rebound.
18:53 of 1st period - Wrist shot by Viktor Baldayev.
18:53 of 1st period - Stopped by Ilya Samsonov with a rebound.
18:55 of 1st period - Slapshot by Hudson Fasching.
18:55 of 1st period - Deflect By Matt Puempel.
18:55 of 1st period - Shot Misses the Net.
18:55 of 1st period - Puck is out of play.
18:56 of 1st period - Rourke Chartier wins face-off versus Mitchell Heard in Reign zone.
19:06 of 1st period - Off-side.
19:07 of 1st period - Brendan Gaunce wins face-off versus Quinton Howden in neutral zone.
19:57 of 1st period - Roberts Lipsbergs is hit by Logan Stanley and loses puck.
Goals for this period are 1 for Reign vs 0 for Thunderbirds.
Shots for this period are 19 for Reign vs 10 for Thunderbirds.
2nd period
0:01 of 2nd period - Quinton Howden wins face-off versus Brendan Gaunce in neutral zone.
0:25 of 2nd period - Nikita Tryamkin is hit by Elias Lindholm and loses puck.
0:32 of 2nd period - Snap shot by Valentin Zykov.
0:32 of 2nd period - Shot Misses the Net.
0:36 of 2nd period - Slapshot by Tom Kuhnhackl.
0:36 of 2nd period - Shot Misses the Net.
1:37 of 2nd period - Jerry D'Amigo is hit by Tyler Pitlick and loses puck.
1:48 of 2nd period - Slapshot by Kirill Kaprizov.
1:48 of 2nd period - Stopped by Ilya Samsonov with a rebound.
2:06 of 2nd period - Thomas Chabot is hit by Hudson Fasching and loses puck.
2:11 of 2nd period - Wrist shot by Hudson Fasching.
2:11 of 2nd period - Shot Misses the Net.
2:13 of 2nd period - Wrist shot by Mitchell Heard.
2:13 of 2nd period - Stopped by Ilya Samsonov without a rebound.
2:14 of 2nd period - Quinton Howden wins face-off versus Brendan Gaunce in Reign zone.
3:14 of 2nd period - Slapshot by Dominik Simon.
3:14 of 2nd period - Shot Misses the Net.
3:16 of 2nd period - Snap shot by Joel Eriksson Ek.
3:16 of 2nd period - Shot Misses the Net.
3:35 of 2nd period - Backhand shot by Trevor Moore.
3:35 of 2nd period - Shot Misses the Net.
3:49 of 2nd period - Tyler Pitlick is hit by Jerry D'Amigo and loses puck.
4:22 of 2nd period - Slapshot by Hudson Fasching.
4:22 of 2nd period - Stopped by Ilya Samsonov with a rebound.
4:30 of 2nd period - Slapshot by Nikita Tryamkin.
4:30 of 2nd period - Shot Misses the Net.
5:26 of 2nd period - Minor Penalty to Jakob Chychrun for Cross-checking.
5:27 of 2nd period - Kirill Kaprizov wins face-off versus Joel Eriksson Ek in Reign zone.
5:38 of 2nd period - Slapshot by Quinton Howden.
5:38 of 2nd period - Goal by Quinton Howden - Reign : 1 - Thunderbirds : 1.
5:39 of 2nd period - Quinton Howden wins face-off versus Rourke Chartier in neutral zone.
6:12 of 2nd period - Slapshot by Brendan Gaunce.
6:12 of 2nd period - Stopped by Carter Hutton without a rebound.
6:13 of 2nd period - Mitchell Heard wins face-off versus Brendan Gaunce in Thunderbirds zone.
6:13 of 2nd period - Mitchell Heard is hit by Timo Meier.
6:39 of 2nd period - Rourke Chartier is hit by Jerry D'Amigo and loses puck.
6:48 of 2nd period - Jordan Schmaltz is hit by Quinton Howden and loses puck.
7:54 of 2nd period - Icing by Tyler Pitlick.
7:55 of 2nd period - Rourke Chartier wins face-off versus Quinton Howden in Reign zone.
8:06 of 2nd period - Wrist shot by Quinton Howden.
8:06 of 2nd period - Shot Misses the Net.
8:08 of 2nd period - Snap shot by Viktor Baldayev.
8:08 of 2nd period - Stopped by Ilya Samsonov without a rebound.
8:09 of 2nd period - Quinton Howden wins face-off versus Brendan Gaunce in Reign zone.
8:12 of 2nd period - Wrist shot by Jerry D'Amigo.
8:12 of 2nd period - Shot Misses the Net.
8:18 of 2nd period - Snap shot by Quinton Howden.
8:18 of 2nd period - Stopped by Ilya Samsonov with a rebound.
8:34 of 2nd period - Valentin Zykov is hit by Rourke Chartier and loses puck.
9:00 of 2nd period - Joachim Blichfeld is hit by Hudson Fasching and loses puck.
9:22 of 2nd period - Snap shot by Trevor Moore.
9:22 of 2nd period - Shot Blocked by Jake Walman.
9:24 of 2nd period - Snap shot by Pierre-Luc Dubois.
9:24 of 2nd period - Stopped by Carter Hutton without a rebound.
9:25 of 2nd period - Elias Lindholm wins face-off versus Rourke Chartier in Thunderbirds zone.
10:01 of 2nd period - Off-side.
10:02 of 2nd period - Quinton Howden wins face-off versus Rourke Chartier in neutral zone.
10:11 of 2nd period - Snap shot by Quinton Howden.
10:11 of 2nd period - Shot Blocked by Jordan Schmaltz.
10:51 of 2nd period - Mitchell Heard is hit by Nikita Tryamkin and loses puck.
12:22 of 2nd period - Backhand shot by Valentin Zykov.
12:22 of 2nd period - Shot Misses the Net.
13:39 of 2nd period - Snap shot by Tom Kuhnhackl.
13:39 of 2nd period - Shot Blocked by Thomas Chabot.
14:17 of 2nd period - Dylan Blujus is hit by Mitchell Heard and loses puck.
14:34 of 2nd period - Wrist shot by Rourke Chartier.
14:34 of 2nd period - Stopped by Carter Hutton with a rebound.
14:36 of 2nd period - Snap shot by Timo Meier.
14:36 of 2nd period - Deflect By Valentin Zykov.
14:36 of 2nd period - Shot Misses the Net.
14:36 of 2nd period - Puck is out of play.
14:37 of 2nd period - Tyler Pitlick wins face-off versus Quinton Howden in Thunderbirds zone.
14:42 of 2nd period - Snap shot by Tyler Pitlick.
14:42 of 2nd period - Deflect By Quinton Howden.
14:42 of 2nd period - Stopped by Carter Hutton with a rebound.
15:10 of 2nd period - Slapshot by Phillip Danault.
15:10 of 2nd period - Stopped by Carter Hutton with a rebound.
15:26 of 2nd period - Snap shot by Joachim Blichfeld.
15:26 of 2nd period - Stopped by Carter Hutton with a rebound.
15:50 of 2nd period - Wrist shot by Josh Anderson.
15:50 of 2nd period - Shot Misses the Net.
16:25 of 2nd period - Off-side.
16:26 of 2nd period - Elias Lindholm wins face-off versus Rourke Chartier in neutral zone.
16:35 of 2nd period - Matthew Tkachuk is hit by Valentin Zykov and loses puck.
16:42 of 2nd period - Snap shot by Rourke Chartier.
16:42 of 2nd period - Deflect By Phillip Danault.
16:42 of 2nd period - Shot Misses the Net.
16:42 of 2nd period - Puck is out of play.
16:43 of 2nd period - Brendan Gaunce wins face-off versus Quinton Howden in Thunderbirds zone.
17:05 of 2nd period - Icing by Brendan Gaunce.
17:06 of 2nd period - Rourke Chartier wins face-off versus Valentin Zykov in Reign zone.
17:51 of 2nd period - Snap shot by Mitchell Heard.
17:51 of 2nd period - Stopped by Ilya Samsonov without a rebound.
17:52 of 2nd period - Joel Eriksson Ek wins face-off versus Mitchell Heard in Reign zone.
18:19 of 2nd period - Phillip Danault is hit by Jerry D'Amigo and loses puck.
18:56 of 2nd period - Thomas Chabot is hit by Jake Walman.
19:44 of 2nd period - Snap shot by Matthew Tkachuk.
19:44 of 2nd period - Stopped by Carter Hutton without a rebound.
19:45 of 2nd period - Rourke Chartier wins face-off versus Quinton Howden in Thunderbirds zone.
Goals for this period are 0 for Reign vs 1 for Thunderbirds.
Shots for this period are 7 for Reign vs 7 for Thunderbirds.
3rd period
0:01 of 3rd period - Brendan Gaunce wins face-off versus Quinton Howden in neutral zone.
0:27 of 3rd period - Tom Kuhnhackl is hit by Dylan Blujus and loses puck.
0:34 of 3rd period - Wrist shot by Matthew Tkachuk.
0:34 of 3rd period - Stopped by Carter Hutton with a rebound.
0:36 of 3rd period - Wrist shot by Phillip Danault.
0:36 of 3rd period - Stopped by Carter Hutton with a rebound.
2:12 of 3rd period - Wrist shot by Hudson Fasching.
2:12 of 3rd period - Shot Misses the Net.
2:19 of 3rd period - Minor Penalty to Jakob Chychrun for Cross-checking.
2:20 of 3rd period - Quinton Howden wins face-off versus Joel Eriksson Ek in Reign zone.
2:26 of 3rd period - Wrist shot by Kirill Kaprizov.
2:26 of 3rd period - Goal by Kirill Kaprizov - Reign : 1 - Thunderbirds : 2.
2:27 of 3rd period - Brendan Gaunce wins face-off versus Quinton Howden in neutral zone.
3:17 of 3rd period - Jakob Chychrun is hit by Hudson Fasching and loses puck.
3:41 of 3rd period - Niklas Hansson is hit by Logan Stanley and loses puck.
3:44 of 3rd period - Slapshot by Griffin Reinhart.
3:44 of 3rd period - Stopped by Ilya Samsonov with a rebound.
3:46 of 3rd period - Snap shot by Kirill Kaprizov.
3:46 of 3rd period - Deflect By Quinton Howden.
3:46 of 3rd period - Stopped by Ilya Samsonov without a rebound.
3:47 of 3rd period - Elias Lindholm wins face-off versus Timo Meier in Reign zone.
3:50 of 3rd period - Slapshot by Valentin Zykov.
3:50 of 3rd period - Shot Misses the Net.
3:52 of 3rd period - Slapshot by John Draeger.
3:52 of 3rd period - Shot Misses the Net.
3:54 of 3rd period - Backhand shot by Valentin Zykov.
3:54 of 3rd period - Shot Blocked by Jordan Schmaltz.
3:56 of 3rd period - Wrist shot by Tom Kuhnhackl.
3:56 of 3rd period - Stopped by Ilya Samsonov with a rebound.
3:58 of 3rd period - Slapshot by Michal Jordan.
3:58 of 3rd period - Shot Misses the Net.
4:00 of 3rd period - Slapshot by Valentin Zykov.
4:00 of 3rd period - Shot Blocked by Jordan Schmaltz.
4:02 of 3rd period - Snap shot by Tom Kuhnhackl.
4:02 of 3rd period - Shot Misses the Net.
5:53 of 3rd period - Michal Jordan is hit by Pierre-Luc Dubois and loses puck.
6:18 of 3rd period - Backhand shot by Elias Lindholm.
6:18 of 3rd period - Shot Misses the Net.
6:20 of 3rd period - Snap shot by Tom Kuhnhackl.
6:20 of 3rd period - Stopped by Ilya Samsonov with a rebound.
6:22 of 3rd period - Snap shot by Niklas Hansson.
6:22 of 3rd period - Stopped by Ilya Samsonov without a rebound.
6:23 of 3rd period - Elias Lindholm wins face-off versus Brendan Gaunce in Reign zone.
6:26 of 3rd period - Wrist shot by Tom Kuhnhackl.
6:26 of 3rd period - Stopped by Ilya Samsonov without a rebound.
6:27 of 3rd period - Brendan Gaunce wins face-off versus Jerry D'Amigo in Reign zone.
6:29 of 3rd period - Minor Penalty to Logan Stanley for Interference.
6:30 of 3rd period - Joel Eriksson Ek wins face-off versus Quinton Howden in Reign zone.
7:01 of 3rd period - Slapshot by Tom Kuhnhackl.
7:01 of 3rd period - Stopped by Ilya Samsonov without a rebound.
7:02 of 3rd period - Joel Eriksson Ek wins face-off versus Quinton Howden in Reign zone.
8:23 of 3rd period - Tom Kuhnhackl is hit by Jordan Schmaltz and loses puck.
8:29 of 3rd period - Penalty to Logan Stanley is over, Logan Stanley is back on ice.
8:36 of 3rd period - Joachim Blichfeld is hit by Niklas Hansson and loses puck.
8:45 of 3rd period - Wrist shot by Mitchell Heard.
8:45 of 3rd period - Shot Blocked by Timo Meier.
10:06 of 3rd period - Phillip Danault is hit by Quinton Howden and loses puck.
10:47 of 3rd period - Off-side.
10:48 of 3rd period - Tanner Laczynski wins face-off versus Rourke Chartier in neutral zone.
11:11 of 3rd period - Quinton Howden is hit by Trevor Moore and loses puck.
12:19 of 3rd period - Slapshot by Niklas Hansson.
12:19 of 3rd period - Stopped by Ilya Samsonov with a rebound.
12:33 of 3rd period - Trevor Moore is hit by Jerry D'Amigo and loses puck.
12:38 of 3rd period - Slapshot by Quinton Howden.
12:38 of 3rd period - Shot Blocked by Pierre-Luc Dubois.
12:40 of 3rd period - Slapshot by Jake Walman.
12:40 of 3rd period - Stopped by Ilya Samsonov with a rebound.
12:42 of 3rd period - Snap shot by Quinton Howden.
12:42 of 3rd period - Deflect By Nikita Tryamkin.
12:42 of 3rd period - Shot Misses the Net.
12:42 of 3rd period - Puck is out of play.
12:43 of 3rd period - Elias Lindholm wins face-off versus Brendan Gaunce in Reign zone.
13:18 of 3rd period - Jerry D'Amigo is hit by Dylan Blujus and loses puck.
13:24 of 3rd period - Minor Penalty to Dylan Blujus for Hooking.
13:25 of 3rd period - Quinton Howden wins face-off versus Joel Eriksson Ek in Reign zone.
13:39 of 3rd period - Wrist shot by Jerry D'Amigo.
13:39 of 3rd period - Stopped by Ilya Samsonov without a rebound.
13:40 of 3rd period - Quinton Howden wins face-off versus Joel Eriksson Ek in Reign zone.
13:55 of 3rd period - Tyler Pitlick is hit by Niklas Hansson and loses puck.
14:16 of 3rd period - Snap shot by Niklas Hansson.
14:16 of 3rd period - Deflect By Tom Kuhnhackl.
14:16 of 3rd period - Shot Blocked by Nikita Tryamkin.
14:16 of 3rd period - Puck is out of play.
14:17 of 3rd period - Elias Lindholm wins face-off versus Phillip Danault in Reign zone.
14:24 of 3rd period - Snap shot by Tom Kuhnhackl.
14:24 of 3rd period - Goal by Tom Kuhnhackl - Reign : 1 - Thunderbirds : 3.
14:25 of 3rd period - Brendan Gaunce wins face-off versus Quinton Howden in neutral zone.
14:36 of 3rd period - Snap shot by Brendan Gaunce.
14:36 of 3rd period - Stopped by Carter Hutton with a rebound.
14:38 of 3rd period - Backhand shot by Jakob Chychrun.
14:38 of 3rd period - Stopped by Carter Hutton without a rebound.
14:38 of 3rd period - Minor Penalty to Jakob Chychrun for Interference.
14:39 of 3rd period - Jerry D'Amigo wins face-off versus Joel Eriksson Ek in Reign zone.
14:46 of 3rd period - Wrist shot by Kirill Kaprizov.
14:46 of 3rd period - Shot Misses the Net.
14:48 of 3rd period - Snap shot by Griffin Reinhart.
14:48 of 3rd period - Stopped by Ilya Samsonov without a rebound.
14:49 of 3rd period - Joel Eriksson Ek wins face-off versus Quinton Howden in Reign zone.
14:49 of 3rd period - Joel Eriksson Ek is hit by Niklas Hansson.
14:54 of 3rd period - Off-side.
14:55 of 3rd period - Joel Eriksson Ek wins face-off versus Quinton Howden in neutral zone.
15:00 of 3rd period - Snap shot by Quinton Howden.
15:00 of 3rd period - Stopped by Ilya Samsonov with a rebound.
15:34 of 3rd period - Nikita Tryamkin is hit by Griffin Reinhart and loses puck.
15:51 of 3rd period - Nikita Tryamkin is hit by Elias Lindholm.
16:23 of 3rd period - Jordan Schmaltz is hit by Michal Jordan and loses puck.
16:38 of 3rd period - Penalty to Jakob Chychrun is over, Jakob Chychrun is back on ice.
16:51 of 3rd period - Slapshot by Jakob Chychrun.
16:51 of 3rd period - Stopped by Carter Hutton with a rebound.
17:06 of 3rd period - Matt Puempel is hit by Timo Meier and loses puck.
17:30 of 3rd period - Matt Puempel is hit by Tyler Pitlick and loses puck.
17:51 of 3rd period - Snap shot by Matt Puempel.
17:51 of 3rd period - Deflect By Timo Meier.
17:51 of 3rd period - Shot Blocked by Timo Meier.
17:51 of 3rd period - Puck is out of play.
17:52 of 3rd period - Quinton Howden wins face-off versus Trevor Moore in Reign zone.
18:02 of 3rd period - Snap shot by Pierre-Luc Dubois.
18:02 of 3rd period - Shot Blocked by Jake Walman.
18:04 of 3rd period - Snap shot by Josh Anderson.
18:04 of 3rd period - Deflect By Quinton Howden.
18:04 of 3rd period - Goal by Josh Anderson - Reign : 2 - Thunderbirds : 3.
18:05 of 3rd period - Kirill Kaprizov wins face-off versus Josh Anderson in neutral zone.
18:18 of 3rd period - Snap shot by Jerry D'Amigo.
18:18 of 3rd period - Shot Misses the Net.
18:30 of 3rd period - Valentin Zykov is hit by Rourke Chartier.
18:57 of 3rd period - Reign, Ilya Samsonov is pulled from the net.
19:18 of 3rd period - Wrist shot by Timo Meier.
19:18 of 3rd period - Shot Misses the Net.
19:20 of 3rd period - Snap shot by Timo Meier.
19:20 of 3rd period - Stopped by Carter Hutton without a rebound.
19:21 of 3rd period - Craig MacTavish call a timeout for Reign.
19:21 of 3rd period - Quinton Howden wins face-off versus Brendan Gaunce in Thunderbirds zone.
19:30 of 3rd period - Snap shot by Quinton Howden.
19:30 of 3rd period - Goal by Quinton Howden - Reign : 2 - Thunderbirds : 4.
19:30 of 3rd period - Ilya Samsonov from Reign was sent back in the game.
19:31 of 3rd period - Mitchell Heard wins face-off versus Joel Eriksson Ek in neutral zone.
19:43 of 3rd period - Off-side.
19:44 of 3rd period - Joel Eriksson Ek wins face-off versus Hudson Fasching in neutral zone.
19:50 of 3rd period - Minor Penalty to Joel Eriksson Ek for Cross-checking.
19:51 of 3rd period - Joachim Blichfeld wins face-off versus Quinton Howden in Reign zone.
Goals for this period are 1 for Reign vs 3 for Thunderbirds.
Shots for this period are 7 for Reign vs 15 for Thunderbirds.